← All builds
Suicide front / Armada / Factory first / OBSERVED BUILD

Standard suicide front

Armada Suicide front build order · Supreme Isthmus

The role's standard play: bot lab first, Rocketeer/Centurion/Pawn based force pushes into the middle to contest and hold it until T2 arrives.

Usually lab first (63%)

#rush #push · 1309 distinct matches · 127 players · 71% of Armada Suicide front games · team won 59% of 1550 · Recently observed

HOW TO PLAY IT

Key timing: Bot Lab by 0:20

  1. Open with mex and wind, drop Bot Lab immediately.
  2. Push out first "Centurion" as Pond's boost lands.
  3. Send "Rocketeer", "Centurion", "Pawn" mix to contest middle.
  4. Add Dragon's Teeth and Sentries to hold the line.
  5. Get Advanced Metal Extractor up as T2 nears.

Phase by phase

TYPICAL OF ITS 1309 GAMES
  1. 1
  2. 2
  3. 3
PLAY THE OPENING

Follow the example game's first 6:00 step by step: what to build now, what comes next, and where it goes. At 1× it keeps pace with your own game.

  1. 1

    Bot Lab first

    Order
    1. Bot LabBot Lab done ~0:20, middle half 0:20–0:33

    Some games also: mex (37%)

  2. 2

    Bot Lab to 5:00

    Economy
    • Metal Extractor5Mex
    • Wind Turbine4Wind
    Builders
    • Construction Bot3 Con bot
    • Lazarus2 Lazarus
    Army
    • Sentry4 Sentry
    • Rocketeer17 Rocketeer
    • Tick2 Tick
    • Centurion1 Centurion
    Other
    • Radar Tower1 Radar Tower

    Some games also: con turret (35%) · pawn (33%)

    By 5:00 in all: 5 mex · 4 wind

    The example game in this phase · 45 steps
    1. Wind
    2. Construction BotCon bot
    3. Wind
    4. Construction BotCon bot
    5. SentrySentry
    6. CenturionCenturion
    7. Mex ×2
    8. Radar TowerRadar Tower
    9. SentrySentry
    10. LazarusLazarus
    11. Mex
    12. RocketeerRocketeer ×2
    13. SentrySentry
    14. Wind
    15. RocketeerRocketeer
    16. SentrySentry
    17. RocketeerRocketeer
    18. Mex
    19. Wind
    20. SentrySentry
    21. RocketeerRocketeer
    22. Wind
    23. Construction BotCon bot
    24. RocketeerRocketeer
    25. Wind
    26. RocketeerRocketeer ×3
    27. Wind
    28. Dragon's TeethDragon's Teeth ×2
    29. RocketeerRocketeer
    30. Dragon's TeethDragon's Teeth ×3
    31. RocketeerRocketeer
    32. Dragon's TeethDragon's Teeth ×4
    33. Wind
    34. RocketeerRocketeer
    35. Dragon's TeethDragon's Teeth
    36. RocketeerRocketeer ×2
    37. Wind
    38. Construction BotCon bot
    39. PawnPawn
    40. Construction BotCon bot
    41. Wind
    42. GauntletGauntletdone 5:19
    43. Wind
    44. RocketeerRocketeer
    45. Construction BotCon bot
  3. 3

    5:00 to 10:00

    Economy
    • Metal Extractor1Mex
    • Wind Turbine17Wind
    Builders
    • Construction Turret2 Con turret
    • Lazarus2 Lazarus
    • Construction Bot1 Con bot
    Army
    • Sentry1 Sentry
    • Rocketeer8 Rocketeer
    • Pawn1 Pawn

    Some games also: tick (47%) · Radar Tower (46%) · energy storage (46%) · centurion (45%) · Beamer (39%)

    By 10:00 in all: 6 mex · 23 wind · 1 energy storage · 3 con turret

    The example game in this phase · 102 steps
    1. Wind
    2. Sneaky PeteSneaky Pete
    3. Wind ×2
    4. RocketeerRocketeer ×2
    5. Con turret
    6. RocketeerRocketeer ×2
    7. Con turret
    8. Energy storage
    9. RocketeerRocketeer
    10. Con turret
    11. RocketeerRocketeer
    12. Wind ×3
    13. Con turret
    14. Wind
    15. Mex
    16. Wind
    17. RocketeerRocketeer
    18. Dragon's TeethDragon's Teeth ×2
    19. Wind
    20. Dragon's TeethDragon's Teeth ×5
    21. Wind
    22. Dragon's TeethDragon's Teeth
    23. Construction BotCon bot
    24. Dragon's TeethDragon's Teeth
    25. Wind
    26. Dragon's TeethDragon's Teeth ×4
    27. Construction BotCon bot
    28. Dragon's TeethDragon's Teeth
    29. Wind
    30. Dragon's TeethDragon's Teeth ×6
    31. Wind ×2
    32. GauntletGauntlet
    33. Wind ×3
    34. Construction BotCon bot
    35. Wind ×3
    36. Construction BotCon bot
    37. Wind ×6
    38. Construction BotCon bot
    39. Energy storage
    40. Wind ×3
    41. Energy storage
    42. Wind ×6
    43. Energy storage
    44. Converter
    45. OverwatchOverwatch
    46. Wind ×4
    47. Converter
    48. Energy storage
    49. Wind ×5
    50. Converter
    51. Wind ×3
    52. BeamerBeamer
    53. Converter
    54. Wind ×6
    55. Converter
    56. Wind ×3
    57. BeamerBeamer
    58. Converter
    59. Wind ×6
    60. Converter
    61. Con turret
    62. Wind ×4
    63. Converter
    64. Wind ×2
    65. Con turret
    66. Wind ×3
    67. Converter
    68. Wind ×3
    69. Advanced Metal ExtractorT2 mexdone 12:16 · typical 9:36
    70. Converter
    71. Wind ×5
    72. Converter
    73. Wind ×4
    74. Advanced Metal ExtractorT2 mex
    75. Converter
    76. Wind ×2
    77. Energy storage
    78. Wind ×2
    79. Advanced Metal ExtractorT2 mex
    80. Energy storage
    81. Wind ×3
    82. Energy storage
    83. Wind
    84. Aircraft PlantAircraft Plantdone 13:26
    85. Wind ×2
    86. BlinkScout plane ×2
    87. Wind
    88. BlinkScout plane
    89. Wind
    90. BlinkScout plane
    91. Advanced Metal ExtractorT2 mex
    92. BlinkScout plane
    93. Wind
    94. BlinkScout plane
    95. Wind
    96. BlinkScout plane ×3
    97. Wind
    98. BlinkScout plane ×3
    99. Wind
    100. BlinkScout plane ×2
    101. PulsarPulsarnot finished by 15:00
    102. BlinkScout plane ×10

Counts are medians over the build's games: half of them build more, half fewer. The example game is derkarl's (39 OS, 25/09/2026); pick another.

Team trades

IN AT LEAST 30% OF ITS GAMES

You hand over

Nothing regular.

You get

  • Tidal Generator4 Tidal from Pondfirst at 0:10 · in 69% of games
  • Advanced Construction Bot1 T2 con bot from Geo or Techfirst at 7:30 · in 59% of games

How it plays out

Typical game of this build, running totals by minute

Metal produced

010k20k30k
0:005:0010:0015:00

metal

Enemy metal destroyed

05k10k
0:005:0010:0015:00

metal

Own metal lost

05k10k
0:005:0010:0015:00

metal

1550 games.

Show as table
ByMetal produced: This buildEnemy metal destroyed: This buildOwn metal lost: This build
1:0022600
2:0088900
3:002051180106
4:003161660496
5:00424314171026
6:00543423001787
7:00667231752706
8:00792440303613
9:00931647974495
10:001069854325318
11:001225359116059
12:001410665186829
13:001622670297536
14:001809577098373
15:002043283489240
WHAT THE NUMBERS SAY

Standard suicide front play wins slightly more than half its games with fast kills but also fast losses, matching the raw grind of the role.

  • + First kill lands by 2:04 in all games
  • + Metal produced reaches 19882 by 15:00
  • − Own metal lost hits 9208 by 15:00, near metal destroyed of 8172
  • − First unit lost as early as 2:08 in every game
THE EXAMPLE YOU ARE READING

derkarl

39.5 OS · 25/09/2026

Open source match ↗

5 received units · includes a constructor
104 metal received · 21598 energy received

Allied construction assistance is unknown. Timings are observations, not a promise of solo reproducibility.

Typical milestones

Bot Lab0:20Middle 50%: 0:20–0:33 · n=1543
Advanced Metal Extractor9:36Middle 50%: 8:42–10:48 · n=1143

Played most by

_X_253games of this buildPlatinumBlonde181games of this buildXad127games of this buildImmort74games of this buildwatermeloans60games of this build